 Dungeon Crawl Stone Soup version 0.19.1-1-g22dce08 (webtiles) character file.

816 esteth the Cleaver (level 7, -1/96 HPs)
             Began as a Minotaur Fighter on Jan 2, 2017.
             Succumbed to a water moccasin's poison
             ... on level 4 of the Dungeon.
             The game lasted 00:08:00 (3577 turns).

esteth the Cleaver (Minotaur Fighter)               Turns: 3577, Time: 00:08:00

Health: -1/96      AC:  9    Str: 28    XL:     7   Next: 62%
Magic:  6/6        EV:  8    Int:  5    God:
Gold:   219        SH:  0    Dex:  9    Spells: 0 memorised, 6 levels left

rFire  . . .     SeeInvis .     r - +2 battleaxe
rCold  . . .     Gourm    .     w - +0 chain mail
rNeg   . . .     Faith    .     (shield currently unavailable)
rPois  .         Spirit   .     (helmet restricted)
rElec  .         Reflect  .     (no cloak)
rCorr  .         Harm     .     (no gloves)
MR     .....                    (no boots)
Stlth  ..........               (no amulet)
                                (no ring)
                                u - ring of wizardry

@: berserking, lethally poisoned (-1 -> -24), flying, very slightly
contaminated, invisible, very quick
A: retaliatory headbutt, horns 2
a: no special abilities


You were on level 4 of the Dungeon.
You were not hungry.

You visited 1 branch of the dungeon, and saw 5 of its levels.

You collected 219 gold pieces.

Inventory:

Hand Weapons
 a - a +0 war axe
 r - a +2 battleaxe (weapon)
Armour
 b - a +0 scale mail
 c - a +0 shield
 w - a +0 chain mail (worn)
Jewellery
 u - a ring of wizardry (left hand)
Scrolls
 e - 2 scrolls of identify
 l - a scroll of fear
 m - 2 scrolls of remove curse
 x - a scroll of random uselessness {unknown}
 y - a scroll of amnesia {unknown}
Potions
 d - a potion of might
 h - 2 potions of agility
 i - a potion of magic
 n - a potion of degeneration {unknown}
 o - a potion of invisibility
 v - 2 potions of brilliance {unknown}
 z - 3 potions of curing {unknown}
 A - 2 potions of mutation {unknown}
Comestibles
 f - 2 bread rations
 k - 3 meat rations
 q - 2 royal jellies
 s - 3 beef jerkies
 t - 3 fruits


   Skills:
 - Level 6.9 Fighting
 + Level 8.8 Axes
 - Level 3.6 Armour
 - Level 3.6 Shields


You had 6 spell levels left.
You didn't know any spells.

Dungeon Overview and Level Annotations

Branches:
Dungeon (5/15)
 Temple: D:4-7

Altars:
Nemelex Xobeh
Ru
Sif Muna
Trog
Yredelemnul

Shops:
D:4 %


Innate Abilities, Weirdness & Mutations

You reflexively headbutt those who attack you in melee.
You have a pair of horns on your head.


Message History

The water moccasin bites you but does no damage.
It was a potion of flight.
You feel very buoyant.
You fly up into the air.
* * * LOW HITPOINT WARNING * * *
You feel very sick. The water moccasin bites you.
* * * LOW HITPOINT WARNING * * *
It was a potion of invisibility.
You fade into invisibility!
* * * LOW HITPOINT WARNING * * *
You feel very sick. The water moccasin bites you.
* * * LOW HITPOINT WARNING * * *
The water moccasin barely misses you.
You are very lightly contaminated with residual magic.
It was a potion of berserk rage.
A red film seems to cover your vision as you go berserk!
You feel yourself moving faster!
You feel mighty!
You die...

#.# #.# #.#
########.#### #######
#.# #.# #.....
≈≈≈§≈≈####.# #.# #.####
≈..§.≈§≈##.# #.# #.# #
.......§§######.# #.# #
...§....≈≈#.....#
######.####
..#####..≈#######
#.[.)...... .8....#..≈≈#
##### #.####.####
..#.8.#...≈# #.@)#####.#
#.# ..#....8..≈#
#..S......# #.#
..#####...≈# #...#######
#.# ≈†........≈# ##.##
#.# §≈.......≈≈#####.#
#.#
#≈≈≈....§≈##.....####
#.#
###≈§≈[≈≈######.....#
#.# ####)###......#...#
#.#
###...))............####
#.###


You could see a water moccasin.

Vanquished Creatures
  A water moccasin (D:5)
  A phantom (D:4)
  An ogre (D:4)
  2 scorpions (D:4)
  2 orc priests
  Natasha (twice) (D:4)
  2 orc wizards (D:4)
  2 worker ants (D:4)
  9 adders
  2 oozes (D:1)
  2 adder skeletons (D:4)
  3 worms
  3 dart slugs
  2 leopard geckos
  17 orcs
  9 giant cockroaches
  3 goblins
  8 hobgoblins
  9 jackals
  6 kobolds
  2 quokkas (D:3)
  8 bats
  7 frilled lizards
  7 rats
  2 plants (D:1)
112 creatures vanquished.

Notes
Turn   | Place    | Note
-------+----------+-------------------------------------------
     0 | D:1      | esteth the Minotaur Fighter began the quest for the Orb.
     0 | D:1      | Reached XP level 1. HP: 19/19 MP: 0/0
   142 | D:1      | Reached XP level 2. HP: 28/28 MP: 1/1
   480 | D:1      | Reached skill level 5 in Fighting
   500 | D:1      | Reached XP level 3. HP: 33/36 MP: 2/2
   998 | D:2      | Found a basalt altar of Yredelemnul.
  1040 | D:2      | Reached XP level 4. HP: 39/44 MP: 3/3
  1299 | D:3      | Found a faded altar of an unknown god.
  1299 | D:3      | Found a faded altar of an unknown god.
  1310 | D:3      | Found a faded altar of an unknown god.
  1317 | D:3      | Found a faded altar of an unknown god.
  1318 | D:3      | Found a deep blue altar of Sif Muna.
  1355 | D:3      | Found a bloodstained altar of Trog.
  1638 | D:3      | Reached XP level 5. HP: 51/51 MP: 4/4
  1894 | D:3      | Reached skill level 3 in Axes
  2190 | D:4      | Reached skill level 4 in Axes
  2209 | D:4      | Found Joexirim's Food Shoppe.
  2321 | D:4      | Found a sacrificial altar of Ru.
  2336 | D:4      | Reached skill level 5 in Axes
  2336 | D:4      | Reached XP level 6. HP: 58/58 MP: 5/5
  2373 | D:4      | Found a sparkling altar of Nemelex Xobeh.
  2461 | D:4      | Reached skill level 6 in Axes
  2820 | D:4      | Noticed Natasha
  2825 | D:4      | Reached skill level 7 in Axes
  2825 | D:4      | Reached XP level 7. HP: 48/64 MP: 6/6
  2827 | D:4      | Killed Natasha
  2853 | D:4      | Noticed Natasha
  2856 | D:4      | Killed Natasha
  3148 | D:5      | Entered Level 5 of the Dungeon
  3185 | D:5      | Reached skill level 8 in Axes
  3217 | D:4      | HP: 3/64 [poisoned by a water moccasin]
  3223 | D:4      | HP: 2/64 [poisoned by a water moccasin]
  3232 | D:4      | HP: 1/64 [poisoned by a water moccasin]
  3238 | D:4      | HP: 1/64 [poisoned by a water moccasin]
  3244 | D:4      | HP: 1/64 [poisoned by a water moccasin]
  3576 | D:4      | HP: 3/64 [poisoned by a water moccasin]
  3576 | D:4      | HP: 1/64 [water moccasin (2)]
  3577 | D:4      | Succumbed to a water moccasin's poison

Skill      XL: |  1  2  3  4  5  6  7 |
---------------+----------------------+-----
Fighting       | 4 5 6 |  6.9
Axes           | 5 7 8 |  8.8
Armour         | |  3.6
Shields        | |  3.6

Action                   |  1- 3 |  4- 6 |  7- 9 || total
-------------------------+-------+-------+-------++-------
Melee: War axe           |    71 |       |       ||    71
       Headbutt          |    17 |    26 |     5 ||    48
       Battleaxe         |    28 |   149 |    27 ||   204
  Use: Scroll            |       |    10 |       ||    10
       Potion            |       |       |     4 ||     4
 Stab: Paralysed         |       |     1 |       ||     1
  Eat: Chunk             |     1 |     6 |     1 ||     8
       Meat ration       |       |       |     1 ||     1
Armor: Scale mail        |    34 |    33 |       ||    67
       Chain mail        |       |    87 |    20 ||   107
Dodge: Dodged            |    38 |   102 |    15 ||   155
Block: Shield            |    25 |       |       ||    25
